 Dungeon Crawl Stone Soup version 0.20.1-1-g8b1a95d (webtiles) character file.

937 Knicklaso the Cleaver (level 7, -5/60 HPs)
             Began as a Demonspawn Chaos Knight on July 29, 2017.
             Slain by a hippogriff (7 damage)
             ... on level 4 of the Dungeon.
             The game lasted 00:09:59 (3272 turns).

Knicklaso the Cleaver (Demonspawn Chaos Knight)     Turns: 3272, Time: 00:10:00

Health: -5/60      AC: 10    Str: 13 (14) XL:     7   Next: 87%
Magic:  7/7        EV: 13    Int: 12 (13) God:    Xom [.*....]
Gold:   165        SH:  0    Dex:  8 (10) Spells: 6/6 levels left

rFire    . . .     SeeInvis .   a - +1 hand axe (chaos)
rCold    . . .     Gourm    .   (no shield)
rNeg     . . .     Faith    .   b - +3 leather armour
rPois    .         Spirit   .   z - +0 helmet (curse)
rElec    .         Reflect  .   (no cloak)
rCorr    .         Harm     .   (no gloves)
MR       .....                  (no boots)
Stlth    +.........             (no amulet)
Regen    0.2/turn               v - -3 ring of dexterity (curse)
MPRegen  0.1/turn               (no ring)

@: no status effects
A: talons 1, thin metallic scales 1, foul stench 1, rot immunity
a: Renounce Religion


You were on level 4 of the Dungeon.
You worshipped Xom.
You were a plaything of Xom.
You were not hungry.

You visited 1 branch of the dungeon, and saw 4 of its levels.

You collected 165 gold pieces.

Inventory:

Hand Weapons
 a - a +1 hand axe of chaos (weapon)
 t - a +0 war axe of chopping
Armour
 b - a +3 leather armour (worn)
 u - a +0 robe
 z - a cursed +0 helmet (worn)
Jewellery
 v - a cursed -3 ring of dexterity (left hand)
Wands
 w - a wand of scattershot (5/9)
Scrolls
 d - a scroll of fog
 e - a scroll of noise {unknown}
 g - a scroll of fear
 j - 2 scrolls of identify
 k - a scroll of enchant weapon
 o - a scroll of enchant armour
 p - a scroll of magic mapping {unknown}
 s - a scroll of teleportation {unknown}
 x - a scroll of immolation {unknown}
 y - a scroll of remove curse {unknown}
 A - a scroll of random uselessness {unknown}
Potions
 l - 2 potions of curing
 r - a potion of might {unknown}
Comestibles
 c - 3 bread rations
 f - 2 royal jellies
 h - 2 meat rations
 n - a fruit
 B - 2 chunks of flesh


   Skills:
 + Level 7.1 Fighting
 * Level 8.8 Axes
 + Level 6.0 Armour
 + Level 5.9 Dodging


You had 6 spell levels left.
You didn't know any spells.

Dungeon Overview and Level Annotations

Branches:
Dungeon (4/15)
 Temple: D:4-7

Altars:
Ashenzari
Dithmenos
Elyvilon
Hepliaklqana
Uskayaw
Yredelemnul
Zin

Shops:
D:2 *


Innate Abilities, Weirdness & Mutations

You have sharp toenails.
You are partially covered in thin metallic scales. (AC +2)
You may emit foul miasma when damaged in melee.
You are immune to rotting.


Message History

* * * LOW HITPOINT WARNING * * *
The hippogriff pecks you.
* * * LOW HITPOINT WARNING * * *
The hippogriff claws you but does no damage.
The hippogriff bites you.
* * * LOW HITPOINT WARNING * * *
The hippogriff closely misses you.
The hippogriff claws you but does no damage.
It was a potion of degeneration.
There was something very wrong with that liquid.
You feel weakened.
You feel dopey.
You feel clumsy. The hippogriff misses you. The hippogriff closely misses you.
The hippogriff claws you!
* * * LOW HITPOINT WARNING * * *
It was a potion of magic.
Magic courses through your body. The hippogriff misses you.
The hippogriff pecks you but does no damage.
The hippogriff barely misses you. The hippogriff bites you!
You die...
Xom chortles!

#####.#####.#
# #..))...# #
#..###### #
#..# # #..# #
#..# #
#..###########
##
#).).........#
.##
#.##########@#
..###.# #H#
...†..# #.#
..##### #.#
.## #.# .# #.#
.# #.# .####
#.# ....#


You could see a hippogriff (berserk).

Vanquished Creatures
  A boggart (D:4)
  A scorpion (D:3)
  An orc priest (D:3)
  5 orc wizards
  An iguana (D:4)
  3 worker ants (D:4)
  5 gnolls
  3 adders
  3 oozes
  An adder skeleton (D:4)
  A worm (D:3)
  2 dart slugs
  A leopard gecko (D:2)
  18 orcs
  6 ball pythons
  8 bats
  10 giant cockroaches
  5 goblins
  13 hobgoblins
  5 jackals (D:3)
  6 frilled lizards
  12 kobolds
  9 rats
120 creatures vanquished.

Vanquished Creatures (collateral kills)
  A gnoll (D:3)
  2 jackals (D:3)
3 creatures vanquished.

Grand Total: 123 creatures vanquished

Notes
Turn   | Place    | Note
-------+----------+-------------------------------------------
     0 | D:1      | Knicklaso the Demonspawn Chaos Knight began the quest for the Orb.
     0 | D:1      | Reached XP level 1. HP: 18/18 MP: 1/1
    25 | D:1      | Reached skill level 1 in Dodging
    73 | D:1      | XOM: harmless Conj miscast
   238 | D:1      | XOM: mild Tloc miscast
   243 | D:1      | Gained mutation: You are immune to rotting. [demonic ancestry]
   243 | D:1      | Reached XP level 2. HP: 13/24 MP: 2/2
   292 | D:1      | XOM: cloud trail
   296 | D:1      | XOM: confuse monster(s)
   339 | D:1      | Reached skill level 3 in Axes
   517 | D:1      | Gained mutation: You may emit foul miasma when damaged in melee. [demonic ancestry]
   517 | D:1      | Reached XP level 3. HP: 23/29 MP: 3/3
   581 | D:2      | XOM: noise
   587 | D:2      | XOM: smoke on damage
   664 | D:2      | Found a shattered altar of Ashenzari.
   741 | D:2      | Found Zin's Purification Station.
   741 | D:2      | Found a glowing silver altar of Zin.
   764 | D:2      | XOM: mild Ice miscast
   798 | D:2      | Reached XP level 4. HP: 13/35 MP: 4/4
   905 | D:2      | XOM: silly message
   959 | D:2      | Found a basalt altar of Yredelemnul.
   961 | D:2      | Found a hide-covered altar of Uskayaw.
  1083 | D:2      | XOM: harmless Tmut miscast
  1283 | D:3      | XOM: harmless Tmut miscast
  1292 | D:3      | XOM: smoke on damage
  1329 | D:3      | XOM: medium Ice miscast
  1427 | D:3      | Reached skill level 4 in Axes
  1589 | D:3      | XOM: confuse monster(s)
  1596 | D:3      | Reached XP level 5. HP: 41/41 MP: 5/5
  1883 | D:3      | XOM: smoke on damage
  2186 | D:3      | Found a white marble altar of Elyvilon.
  2354 | D:3      | Gained mutation: You are partially covered in thin metallic scales. (AC +2) [demonic ancestry]
  2354 | D:3      | Reached XP level 6. HP: 20/48 MP: 6/6
  2458 | D:3      | XOM: divination: detect items
  2480 | D:3      | XOM: god gift: robe {god gift}
  2505 | D:3      | Found a hazy altar of Hepliaklqana.
  2678 | D:4      | XOM: harmless Necr miscast
  2763 | D:4      | XOM: potion effect (experience)
  2763 | D:4      | Reached skill level 8 in Axes
  2763 | D:4      | Reached skill level 5 in Armour
  2763 | D:4      | Reached skill level 5 in Dodging
  2763 | D:4      | Gained mutation: You have sharp toenails. [demonic ancestry]
  2763 | D:4      | Reached XP level 7. HP: 54/60 MP: 7/7
  2776 | D:4      | XOM: divination: detect items
  2900 | D:4      | XOM: noise
  2940 | D:4      | XOM: 1-stop teleportation journey
  3034 | D:4      | Found a shadowy altar of Dithmenos.
  3126 | D:4      | XOM: 2-stop teleportation journey
  3257 | D:4      | Noticed a hippogriff
  3271 | D:4      | HP: 2/60 [hippogriff (8)]
  3272 | D:4      | Slain by a hippogriff

Skill      XL: |  1  2  3  4  5  6  7 |
---------------+----------------------+-----
Dodging        | 1 2 5 |  5.9
Armour         | 2 5 6 |  6.0
Axes           | 3 4 8 |  8.8
Fighting       | 4 7 |  7.1

Action                   |  1- 3 |  4- 6 |  7- 9 || total
-------------------------+-------+-------+-------++-------
Melee: Hand axe          |   112 |   171 |   101 ||   384
       Kick              |       |       |    21 ||    21
  Use: Scroll            |       |       |     5 ||     5
       Potion            |       |       |     3 ||     3
 Stab: Confused          |     1 |       |     2 ||     3
       Paralysed         |     1 |     3 |     3 ||     7
       Petrifying        |       |     1 |       ||     1
       Sleeping          |       |       |     1 ||     1
  Eat: Chunk             |       |     6 |     2 ||     8
Armor: Leather armour    |    44 |    50 |    25 ||   119
       Robe              |       |     3 |       ||     3
Dodge: Dodged            |    69 |   100 |    76 ||   245
